 Dungeon Crawl Stone Soup version 0.28-a0-245-g639a1a48b9 (webtiles) character file.

Game seed: 6835511266600501387

84 Ndrwtcm the Chopper (level 4, 0/39 HPs)
             Began as a Hill Orc Fighter on Aug 25, 2021.
             Slain by an orc wizard (3 damage)
             ... on level 3 of the Dungeon.
             The game lasted 00:03:49 (1843 turns).

Ndrwtcm the Chopper (Hill Orc Fighter)              Turns: 1843, Time: 00:03:49

Health: 0/39       AC:  8    Str: 19    XL:     4   Next: 46%
Magic:  4/4        EV:  7    Int:  8    God:
Gold:   79         SH:  0    Dex: 10    Spells: 3/3 levels left

rFire   . . .      SeeInvis .   a - +0 war axe
rCold   . . .      Faith    .   c - +0 kite shield
rNeg    . . .      Spirit   .   b - +0 scale mail
rPois   +          Reflect  .   (no helmet)
rElec   .          Harm     .   e - +0 cloak
rCorr   .          Rampage  .   (no gloves)
Will    .....                   (no boots)
Stlth   ..........              (no amulet)
HPRegen 0.13/turn               h - ring of poison resistance
MPRegen 0.09/turn               (no ring)

@: confused
A: no striking features
a: no special abilities


You were on level 3 of the Dungeon.
You visited 1 branch of the dungeon, and saw 3 of its levels.

You collected 79 gold pieces.

Inventory:

Hand Weapons
 a - a +0 war axe (weapon)
Armour
 b - a +0 scale mail (worn)
 c - a +0 kite shield (worn)
 e - a +0 cloak (worn)
Jewellery
 h - a ring of poison resistance (left hand)
Scrolls
 f - a scroll of enchant armour {unknown}
 j - a scroll of silence {unknown}
 l - a scroll of enchant weapon {unknown}
Potions
 d - 3 potions of might
 g - a potion of flight {unknown}
 i - a potion of curing {unknown}
 k - a potion of degeneration {unknown}
 m - a potion of resistance {unknown}
 n - a potion of attraction {unknown}


   Skills:
 - Level 3.6 Fighting
 + Level 6.1 Axes
 - Level 3.2 Armour
 - Level 3.2 Shields


You had 3 spell levels left.
You didn't know any spells.
Your spell library was empty.

Dungeon Overview and Level Annotations

Branches:
Dungeon (3/15)

Altars:

Shops:
D:1 [   D:2 [


Message History

Something hits you but does no damage. You block the orc's attack.
You slash the orc!
You kill the orc!
You closely miss something. Something hits you.
* * * LOW HITPOINT WARNING * * *
The orc hits you with a +0 short sword.
* * * LOW HITPOINT WARNING * * *
You hit the orc.
The orc is moderately wounded.
You closely miss something. Something hits you but does no damage.
The orc hits you but does no damage. Something hits you but does no damage.
You closely miss the orc.
The orc is moderately wounded.
You miss something. The orc barely misses you. You block something's attack.
The orc hits you but does no damage.
You hit the orc but do no damage.
The orc is moderately wounded.
You closely miss something. Something hits you but does no damage.
The orc hits you but does no damage.
You hit the orc.
The orc is heavily wounded.
You hit something. Something hits you but does no damage.
The orc hits you with a +0 short sword.
* * * LOW HITPOINT WARNING * * *
You barely miss something. You hit the orc.
You kill the orc!
You miss something. You slash the orc!
You kill the orc!
Something hits you.
* * * LOW HITPOINT WARNING * * *
Something hits you.
* * * LOW HITPOINT WARNING * * *
You barely miss something.
You hear some strange, mumbled words.
You are confused.
You bump into the rock wall.
Something hits you but does no damage.
You bump into the rock wall.
You hear the slow rusting of a distant drain.
Something hits you.
You die...

# #......# ##.#
###.†.## .#. #...#
.. #...# #.#
#######...# #..
...........
#..#.........$..
#..{)............
#.#@#####.#...#.##
# #.# #.#...#.#
#.# ..# ####


There were no monsters in sight!

Vanquished Creatures
  3 adders (D:2)
  2 worms (D:2)
  A dart slug (D:2)
  8 orcs
  2 bats
  2 endoplasms
  2 giant cockroaches (D:1)
  3 goblins (D:1)
  4 hobgoblins
  4 kobolds
  3 ball pythons
  4 frilled lizards (D:1)
  3 rats
41 creatures vanquished.

Notes
Turn   | Place    | Note
-------+----------+-------------------------------------------
     0 | D:1      | Ndrwtcm the Hill Orc Fighter began the quest for the Orb.
     0 | D:1      | Reached XP level 1. HP: 19/19 MP: 1/1
    44 | D:1      | Reached skill level 3 in Axes
    90 | D:1      | Reached XP level 2. HP: 26/26 MP: 2/2
   151 | D:1      | Reached skill level 4 in Axes
   527 | D:1      | Found Xuradugo's Armour Shoppe.
   702 | D:2      | Found Vyblu's Antique Armour Boutique.
   726 | D:2      | Reached XP level 3. HP: 18/31 MP: 3/3
   941 | D:2      | Reached skill level 5 in Axes
  1305 | D:2      | Reached XP level 4. HP: 30/39 MP: 4/4
  1421 | D:2      | Found a faded altar of an unknown god.
  1810 | D:3      | Reached skill level 6 in Axes
  1843 | D:3      | Slain by an orc wizard

Illustrated notes

Levels and vault maps discovered:
D:1:      dpeg_arrival_windows_large_door, layout_basic, serial_shops, shop
D:2:      layout_loops_ring, serial_shops, nicolae_shop_behind_doors,
          chequers_ecumenical_altar_island, serial_glass, glass_columns_a,
          glass_columns_a, glass_columns_a, small_statue_intersection
D:3:      layout_loops_cross, portal_sewer_entry_c

Skill      XL: |  1  2  3  4 |
---------------+-------------+-----
Axes           | 3 4 5 6 |  6.1
Fighting       | |  3.6
Armour         | |  3.2
Shields        | |  3.2

Action                   |  1- 3 |  4- 6 || total
-------------------------+-------+-------++-------
Melee: War axe           |    98 |    38 ||   136
Armor: Scale mail        |    53 |    27 ||    80
Dodge: Dodged            |    21 |    14 ||    35
Block: Kite shield       |    47 |    11 ||    58

Table legend: (Time is in decaauts)
 A = Elapsed time spent in this place.
 B = Non-inter-level travel time spent in this place.
 C = Inter-level travel time spent in this place.
 D = Time resting spent in this place.
 E = Time spent auto-exploring this place.
 F = Levels seen in this place.
 G = Mean time per level.
                   A        B        C        D        E       F      G
               +--------+--------+--------+--------+--------+-----+--------+
         Total |   1911 |   1861 |     50 |      0 |   1450 |   3 |  637.0 |
       Dungeon |   1911 |   1861 |     50 |      0 |   1450 |   3 |  637.0 |
               +--------+--------+--------+--------+--------+-----+--------+

Top non-repeatable levels by time:
     D:2: 1137 daAuts
     D:1: 673 daAuts
     D:3: 100 daAuts
